Map: 2000 Atmospheres LE

Players

SKillous - Winner!

  • Race: Protoss Protoss

Gerald

  • Race: Protoss Protoss

Event: DreamHack SC2 Masters 2021 Fall

VOD

Have the link to the VOD?

Description

Time

  • Played on: July 31, 2021, 2:52 p.m.
  • Length: 11:56

All games in this series

Show
View Real Time Build Order
Export as new Build Order

SKillous Protoss - Winner!

Build Orders:  

Get SALT Encoding   

  12  0:00  Probe  
  13  0:12  Probe  
  14  0:17  Pylon  
  14  0:24  Probe (Chrono Boost)  
  16  0:36  Gateway, Probe (Chrono Boost)  
  16  0:43  Probe (Chrono Boost)  
  16  0:46  Assimilator  
  17  0:50  Probe  
  17  0:54  Assimilator  
  18  1:03  Probe (Chrono Boost)  
  19  1:07  Gateway  
  20  1:12  Probe (Chrono Boost)  
  20  1:17  Probe (Chrono Boost)  
  20  1:24  Cybernetics Core  
  21  1:29  Probe  
  22  1:35  Pylon  
  22  1:41  Probe  
  23  1:53  Probe  
  24  1:59  Warp Gate (Chrono Boost)  
  24  2:00  Stalker x2  
  28  2:12  Pylon  
  28  2:30  Pylon  
  28  2:31  Stalker  
  28  2:32  Stalker  
  32  2:42  Robotics Facility  
  31  2:49  Gateway  
  31  3:01  Stalker  
  31  3:03  Stalker  
  35  3:26  Warp Prism (Chrono Boost)  
  35  3:31  Shield Battery  
  35  3:32  Pylon  
  37  4:00  Nexus  
  37  4:01  Observer  
  38  4:03  Probe  
  38  4:08  Sentry  
  41  4:15  Probe  
  42  4:24  Pylon  
  42  4:27  Adept  
  42  4:29  Adept  
  46  4:33  Probe (Chrono Boost)  
  47  4:45  Probe (Chrono Boost)  
  48  4:51  Probe (Chrono Boost)  
  49  4:55  Shield Battery  
  49  5:00  Probe  
  50  5:10  Twilight Council  
  50  5:12  Probe (Chrono Boost)  
  51  5:19  Probe (Chrono Boost)  
  52  5:24  Probe (Chrono Boost)  
  51  5:33  Stalker  
  51  5:34  Probe x2 (Chrono Boost)  
  54  5:40  Probe  
  54  5:42  Probe  
  55  5:47  Blink  
  56  5:52  Probe  
  56  5:54  Probe  
  58  6:00  Forge  
  58  6:04  Stalker, Probe  
  58  6:06  Probe  
  62  6:16  Probe (Chrono Boost)  
  62  6:17  Pylon  
  62  6:18  Probe (Chrono Boost)  
  59  6:28  Probe (Chrono Boost)  
  59  6:30  Protoss Ground Weapons Level 1 (Chrono Boost), Probe (Chrono Boost)  
  61  6:35  Probe (Chrono Boost)  
  61  6:36  Probe (Chrono Boost)  
  63  6:41  Assimilator  
  63  6:43  Probe  
  63  6:44  Probe  
  65  6:51  Nexus  
  65  6:53  Pylon  
  65  6:55  Probe  
  65  6:56  Probe  
  65  6:59  Observer  
  65  7:00  Sentry x2  
  71  7:06  Stalker  
  71  7:07  Probe  
  74  7:08  Probe  
  75  7:19  Shield Battery, Probe  
  75  7:20  Probe  
  77  7:23  Stalker x2  
  81  7:31  Gateway  
  81  7:32  Gateway  
  81  7:33  Probe (Chrono Boost)  
  81  7:35  Pylon, Probe (Chrono Boost)  
  83  7:43  Stalker  
  86  7:46  Pylon, Probe (Chrono Boost)  
  86  7:52  Probe  
  86  7:55  Pylon, Probe  
  88  8:04  Stalker x2, Probe  
  88  8:05  Probe  
  94  8:07  Probe (Chrono Boost)  
  94  8:12  Stalker  
  97  8:19  Probe x2 (Chrono Boost)  
  96  8:22  Probe (Chrono Boost)  
  96  8:23  Charge  
  96  8:29  Gateway, Probe x2 (Chrono Boost)  
  96  8:30  Gateway  
  96  8:31  Gateway  
  95  8:34  Probe (Chrono Boost)  
  81  8:42  Stalker x4  
  81  8:43  Sentry  
  81  8:45  Immortal (Chrono Boost)  
  95  8:49  Protoss Ground Weapons Level 2 (Chrono Boost)  
  95  8:52  Assimilator  
  95  8:56  Assimilator  
  95  9:01  Assimilator  
  94  9:11  Stalker x5  
  96  9:18  Observer (Chrono Boost)  
  96  9:22  Probe  
  96  9:23  Probe x2  
  100  9:27  Pylon  
  100  9:30  Templar Archives  
  100  9:35  Warp Prism (Chrono Boost)  
  100  9:37  Sentry  
  104  9:51  Gateway, Zealot x2  
  104  9:52  Gateway, Zealot x3  
  114  9:55  Probe  
  115  10:05  Zealot x3  
  121  10:12  Nexus, Pylon  
  121  10:21  High Templar x2  
  121  10:24  Pylon  
  121  10:25  Pylon, Archon  
  123  10:29  Pylon  
  123  10:32  Pylon  
  123  10:39  Stalker  
  125  10:43  High Templar x4  
  125  10:44  Zealot  
  135  10:55  High Templar x2  
  135  10:56  Zealot x2, Archon  
  135  10:57  Archon  
  143  11:03  Zealot  
  145  11:04  Archon  
  145  11:06  Zealot  
  145  11:07  Zealot  
  145  11:10  Pylon  
  147  11:15  High Templar x2  
  147  11:16  Zealot x4  
  159  11:19  Archon  
  159  11:22  Pylon  
  159  11:25  Gateway  
  159  11:31  Gateway  
  157  11:38  Zealot x8  
  132  11:51  Zealot  
  132  11:52  Zealot  
Show
View Real Time Build Order
Export as new Build Order

Gerald Protoss 

Build Orders: Oracle Opening 

Get SALT Encoding   

  12  0:00  Probe  
  13  0:12  Probe  
  14  0:17  Pylon  
  14  0:24  Probe (Chrono Boost)  
  16  0:37  Gateway, Probe (Chrono Boost)  
  16  0:42  Probe (Chrono Boost)  
  16  0:46  Assimilator  
  17  0:51  Probe  
  17  0:54  Assimilator  
  18  1:03  Probe (Chrono Boost)  
  19  1:08  Gateway  
  19  1:12  Probe (Chrono Boost)  
  19  1:18  Probe (Chrono Boost)  
  20  1:25  Cybernetics Core  
  21  1:29  Probe  
  22  1:36  Pylon  
  22  1:42  Probe  
  24  1:54  Probe  
  24  2:02  Stalker x2  
  24  2:06  Probe, Warp Gate (Chrono Boost)  
  29  2:16  Pylon  
  29  2:21  Probe  
  30  2:26  Pylon  
  30  2:36  Stargate, Probe  
  31  2:55  Nexus  
  30  2:59  Probe  
  31  3:06  Shield Battery  
  31  3:14  Stalker  
  33  3:26  Shield Battery, Oracle (Chrono Boost)  
  33  3:31  Sentry  
  38  3:41  Shield Battery  
  36  3:42  Pylon  
  36  3:44  Robotics Facility  
  36  3:53  Pylon  
  36  3:54  Pylon  
  36  4:04  Gateway  
  36  4:08  Oracle (Chrono Boost)  
  36  4:13  Zealot  
  36  4:14  Zealot  
  43  4:37  Nexus  
  43  4:39  Pylon  
  43  4:44  Stalker  
  44  4:53  Probe  
  45  5:03  Shield Battery  
  45  5:05  Probe  
  46  5:20  Probe  
  47  5:23  Sentry x2  
  51  5:32  Stalker, Probe  
  54  5:40  Immortal  
  58  5:46  Probe (Chrono Boost)  
  59  5:51  Twilight Council  
  59  5:53  Probe (Chrono Boost)  
  60  6:02  Phoenix, Probe x2 (Chrono Boost)  
  62  6:07  Probe (Chrono Boost)  
  62  6:10  Probe  
  64  6:13  Forge  
  64  6:19  Probe (Chrono Boost)  
  63  6:26  Probe (Chrono Boost)  
  63  6:31  Probe (Chrono Boost)  
  64  6:33  Stalker x3  
  64  6:37  Blink (Chrono Boost), Probe (Chrono Boost)  
  64  6:39  Probe (Chrono Boost)  
  71  6:46  Probe  
  73  6:47  Assimilator  
  73  7:01  Protoss Ground Weapons Level 1  
  73  7:09  Nexus  
  73  7:13  Warp Prism  
  75  7:17  Gateway  
  75  7:19  Probe  
  76  7:23  Stalker  
  76  7:28  Pylon  
  78  7:46  Probe x2  
  78  7:47  Pylon  
  78  7:49  Observer  
  78  7:50  Stalker x2  
  85  7:58  Probe  
  86  8:03  Stalker  
  86  8:04  Probe  
  83  8:13  Stalker x3  
  89  8:20  Probe (Chrono Boost)  
  89  8:22  Probe (Chrono Boost)  
  89  8:27  Probe (Chrono Boost)  
  90  8:30  Probe (Chrono Boost)  
  87  8:34  Probe (Chrono Boost)  
  87  8:35  Stalker, Probe (Chrono Boost)  
  87  8:37  Charge (Chrono Boost), Stalker  
  87  8:38  Stalker x2  
  87  8:46  Probe x2  
  89  8:51  Warp Prism  
  91  9:00  Probe  
  82  9:19  Probe  
  82  9:21  Probe x2  
  82  9:22  Zealot x4  
  82  9:24  Protoss Ground Weapons Level 2 (Chrono Boost)  
  89  9:25  Gateway  
  89  9:26  Gateway  
  89  9:30  Assimilator  
  89  9:32  Gateway  
  89  9:35  Gateway  
  89  9:40  Gateway  
  89  9:41  Gateway  
  89  9:42  Shield Battery  
  89  9:45  Observer (Chrono Boost)  
  90  9:49  Zealot x3  
  90  9:51  Probe  
  97  10:06  Nexus  
  97  10:10  Templar Archives  
  97  10:11  Pylon  
  97  10:13  Probe  
  98  10:15  Zealot x2  
  98  10:17  Pylon  
  102  10:28  Photon Cannon  
  102  10:38  Zealot x2  
  102  10:39  Zealot x2, Probe  
  102  10:41  Probe  
  112  10:48  High Templar x2  
  112  10:49  High Templar x2, Zealot  
  121  10:50  Zealot  
  121  10:54  Archon x2  
  123  10:59  Probe  
  123  11:01  Pylon x2  
  124  11:09  Probe  
  125  11:12  Pylon  
  125  11:14  Shield Battery  
  125  11:15  Pylon  
  125  11:18  High Templar x2  
  129  11:19  Zealot x4  
  129  11:23  Archon  
  129  11:25  Zealot x4  
  137  11:39  Zealot x2  
  103  11:40  Zealot x2  
  85  11:48  Zealot x4  

Tags
 
Add a new tag
Caveats
  • Supply blocks, unpowered buildings, or Contaminate may cause inaccurate times.
  • Supply counts are checked every 10 seconds.